 Dungeon Crawl Stone Soup version 0.27-a0-1525-g1038ab4fd7 (webtiles) character file.

Game seed: 10413173648088492508

269 dickylongcocking the Magician (level 6, -6/69 HPs)
             Began as a Djinni Hedge Wizard on July 10, 2021.
             Killed by divine providence
             ... invoked by an orc priest
              (12 damage)
             ... on level 4 of the Dungeon.
             The game lasted 00:05:51 (5846 turns).

dickylongcocking the Magician (Djinni Hedge Wizard) Turns: 5846, Time: 00:05:51

Health: -6/69      AC: 23    Str:  9    XL:     6   Next: 46%
Gold:   121        EV:  2    Int: 17    God:
                   SH:  0    Dex: 19

rFire    . . .     SeeInvis .   a - +1 dagger
rCold    . . .     Faith    .   (no shield)
rNeg     + + +     Spirit   .   (armour currently unavailable)
rPois    ∞         Reflect  .   (helmet currently unavailable)
rElec    .         Harm     .   (cloak currently unavailable)
rCorr    .         Rampage  .   (gloves currently unavailable)
Will     .....     NoTele   +   (boots unavailable)
Stlth    ++........             (no amulet)
HPRegen  0.21/turn              g - +6 ring of dexterity
MPRegen  0.00/turn              (no ring)

@: brilliant, tree-form, weak-willed
A: stationary, stasis, torment immunity, boosted hp, sickness immunity, (fire
resistance 2), (cold vulnerability 1), float, innate caster, hp casting, extra
vitality 1
a: no special abilities


You were on level 4 of the Dungeon.
You were a tree.
You visited 1 branch of the dungeon, and saw 4 of its levels.

You collected 121 gold pieces.

Inventory:

Hand Weapons
 a - a +1 dagger (weapon)
Armour
 b - a +0 robe
 c - a +0 hat (melded)
 d - a +0 leather armour (melded)
Jewellery
 g - a +6 ring of dexterity (left branch)
Wands
 e - a wand of flame (8)
Scrolls
 m - a scroll of fog {unknown}
Potions
 f - a potion of might
 i - 2 potions of cancellation
 k - a potion of lignification


   Skills:
 * Level 3.3 Fighting
 * Level 3.0 Armour
 - Level 2.1 Dodging
 - Level 1.5 Stealth
 * Level 3.6 Spellcasting


You couldn't memorise any spells.
You knew the following spells:

 Your Spells              Type           Power      Damage    Failure   Level
a - Magic Dart            Conj           88%        1d7       3%          1
b - Blink                 Tloc           N/A        N/A       5%          2
c - Call Imp              Summ           22%        N/A       5%          2
d - Slow                  Hex            22%        N/A       5%          2
e - Conjure Flame         Conj/Fire      22%        6-21      11%         3
f - Mephitic Cloud        Conj/Pois/Air  22%        N/A       11%         3
g - Foxfire               Conj/Fire      88%        2x1d8     3%          1
h - Wereblood             Tmut           22%        N/A       5%          2
Your spell library was empty.

Dungeon Overview and Level Annotations

Branches:
Dungeon (4/15)
 Temple: D:4-7

Altars:


Innate Abilities, Weirdness & Mutations

You are a tree.
Your roots penetrate the ground, keeping you stationary.
You cannot be teleported.
You are immune to unholy pain and torment.
Your maximum health is greatly increased.
Your equipment is partially melded.
You are immune to sickness and miasma.
You are immune to poison.
((Your flesh is very heat resistant. (rF++)))
((You are vulnerable to cold. (rC-)))
You float through the air rather than walking.
You learn spells naturally, not from books.
Your magical power is your life essence.
You have superior vitality. (+4 HP)


Message History

The orc priest laughs crazily.
You feel better.
The orc barely misses the orc priest.
The orc priest miscasts a cantrip.
You hear a shout!
It was a potion of cancellation.
You feel magically purged. The orc misses you.
It was a potion of lignification.
You turn into a tree.
Your +0 hat melds into your body.
Your +0 leather armour melds into your body.
Your roots penetrate the ground.
It was a potion of brilliance.
You feel clever all of a sudden. The orc hits you but does no damage. x2
Casting: Mephitic Cloud (dangerous; 11% risk of failure)
Confirm with . or Enter, or press ? or * to list all spells.
Okay, then.
Casting: Mephitic Cloud (dangerous; 11% risk of failure)
Confirm with . or Enter, or press ? or * to list all spells.
You feel a surge of power!
You conjure some foxfire!
* * * LOW HITPOINT WARNING * * *
The orc priest invokes the aid of Beogh against you.
Beogh smites you!
* * * LOW HITPOINT WARNING * * *
The orc hits you but does no damage. x2
You hear a shout!
Unknown command.
Unknown command.
Unknown command.
Okay, then.
As you read the scroll labelled SYUNOO ELAL, it crumbles to dust.
Magic quickly surges around you.
It was a scroll of vulnerability.
The orc hits you but does no damage. x2
As you read the scroll labelled MECEANUNWE, it crumbles to dust.
It is a scroll of enchant weapon.
Your +0 dagger glows red for a moment.
The orc hits you but does no damage. x2
As you read the scroll labelled YXTIEGO TAGES, it crumbles to dust.
You feel aware of your surroundings.
It was a scroll of magic mapping.
The orc hits you but does no damage.
The orc priest calls down the wrath of Beogh upon you.
Beogh smites you!
You die...

*,*.##****
*,,o.,,,,, **#####
***o#*#### *,,...#
##.#.....
#,###>######o.5.#***
#.#....o..o..#.o.#**
#.#.#.##.#o.##*.oooo
#..ooo##.....#,,####
###♣#####.##o..#*
#vv..###.#*#.##
##....o..# *.#
#...##### *.# *
#..## *,#***** #..#
*,,,..#* #..#
****#.#*
#..#######*####.##
#.........,..##.##


You could see 2 orc priests and 3 orcs.

Vanquished Creatures
  3 orc wizards (D:3)
  Robin (D:2)
  A gnoll (D:3)
  An adder (D:3)
  A worm (D:3)
  2 dart slugs
  6 orcs (D:3)
  7 bats
  6 endoplasms
  4 giant cockroaches
  11 goblins
  5 hobgoblins
  7 jackals
  2 quokkas (D:1)
  3 ball pythons
  3 frilled lizards
  6 kobolds
  6 rats
75 creatures vanquished.

Vanquished Creatures (collateral kills)
  An ogre (D:4)
  An iguana (D:3)
  2 gnolls (D:3)
  An adder (D:2)
  An endoplasm (D:2)
  A giant cockroach (D:4)
  A hobgoblin (D:3)
  4 jackals (D:2)
  A quokka (D:2)
  A frilled lizard (D:2)
  A rat (D:2)
15 creatures vanquished.

Vanquished Creatures (others)
  123 foxfires
  A fungus (D:1)
124 creatures vanquished.

Grand Total: 214 creatures vanquished

Notes
Turn   | Place    | Note
-------+----------+-------------------------------------------
     0 | D:1      | dickylongcocking the Djinni Hedge Wizard began the quest
                  | for the Orb.
     0 | D:1      | Reached XP level 1. HP: 15/15 MP: 0/0
   363 | D:1      | Reached XP level 2. HP: 19/22 MP: 0/0
   448 | D:1      | Reached skill level 1 in Fighting
   713 | D:1      | Found a faded altar of an unknown god.
  1217 | D:1      | Reached XP level 3. HP: 19/27 MP: 0/0
  1217 | D:1      | Learned a level 1 spell: Foxfire
  1731 | D:1      | Reached skill level 1 in Armour
  2943 | D:2      | Identified the +1 helmet of the Wild Haggis {rElec rPois
                  | Str-2 Int-4}
  2943 | D:2      | Noticed Robin
  3022 | D:2      | Reached XP level 4. HP: 27/33 MP: 0/0
  3030 | D:2      | Killed Robin
  4034 | D:3      | Reached XP level 5. HP: 32/39 MP: 0/0
  4034 | D:3      | Learned a level 2 spell: Wereblood
  4905 | D:3      | Reached XP level 6. HP: 9/46 MP: 0/0
  5380 | D:4      | Noticed an ogre
  5391 | D:4      | Killed an ogre
  5846 | D:4      | Killed from afar by an orc priest

Illustrated notes

Levels and vault maps discovered:
D:1:      dpeg_arrival_arbitrary_a, layout_basic,
          dreamdust_ecumenical_altar_grove, serial_bayou_pond_e, chequers_avenue
D:2:      layout_rooms, uniq_robin
D:3:      layout_basic, kennysheep_doodads, corexii_corridor_pit
D:4:      layout_loops_ring

Skill      XL: |  1  2  3  4  5  6 |
---------------+-------------------+-----
Fighting       | 1 2 3 |  3.3
Armour         | 1 2 3 |  3.0
Spellcasting   | 3 |  3.6
Dodging        | |  2.1
Stealth        | |  1.5

Action                   |  1- 3 |  4- 6 || total
-------------------------+-------+-------++-------
Melee: Dagger            |    59 |    46 ||   105
 Cast: Magic Dart        |    66 |     1 ||    67
       Foxfire           |    12 |    66 ||    78
       Call Imp          |    11 |    17 ||    28
       Mephitic Cloud    |     2 |     2 ||     4
       Conjure Flame     |     1 |       ||     1
  Use: Potion            |     4 |     4 ||     8
       Scroll            |       |     3 ||     3
Armor: Leather armour    |    39 |    10 ||    49
       Skin              |       |     9 ||     9
Dodge: Dodged            |    82 |    49 ||   131

Table legend: (Time is in decaauts)
 A = Elapsed time spent in this place.
 B = Non-inter-level travel time spent in this place.
 C = Inter-level travel time spent in this place.
 D = Time resting spent in this place.
 E = Time spent auto-exploring this place.
 F = Levels seen in this place.
 G = Mean time per level.
                   A        B        C        D        E       F      G
               +--------+--------+--------+--------+--------+-----+--------+
         Total |   5846 |   5744 |    102 |   1351 |   3747 |   4 | 1461.5 |
       Dungeon |   5846 |   5744 |    102 |   1351 |   3747 |   4 | 1461.5 |
               +--------+--------+--------+--------+--------+-----+--------+

Top non-repeatable levels by time:
     D:1: 2162 daAuts
     D:3: 1671 daAuts
     D:2: 1546 daAuts
     D:4: 465 daAuts
